 Seeded DCSS version 0.29-a0-219-g0a02b1cf4f (webtiles) character file.

Game seed: 7826267209665297962 (custom seed)

377 arthad the Vandal (level 6, -8/78 HPs)
             Began as a Minotaur Hunter on Feb 26, 2022.
             Killed by divine providence
             ... invoked by an orc priest
              (12 damage)
             ... on level 4 of the Dungeon.
             The game lasted 00:09:17 (3679 turns).

arthad the Vandal (Minotaur Hunter)                 Turns: 3679, Time: 00:09:18

Health: -8/78      AC: 27    Str: 15 (16) XL:     6   Next: 45%
Magic:  5/5        EV:  2    Int: 13 (14) God:
Gold:   262        SH:  7    Dex:  8 (11) Spells: 5/5 levels left

rFire   + . .      SeeInvis .   a - +1 hunting sling
rCold   + . .      Faith    .   d - +0 kite shield {rC+ rF+}
rNeg    . . .      Spirit   .   (body armour currently unavailable)
rPois   +          Reflect  .   (helmet currently unavailable)
rElec   +          Harm     .   (cloak currently unavailable)
rCorr   .          Rampage  .   (gloves currently unavailable)
Will    .....      NoTele   +   (boots currently unavailable)
Stlth   ++........              (no amulet)
HPRegen 0.23/turn               g - ring of poison resistance
MPRegen 0.09/turn               t - ring "Jejistir" {rElec rPois AC+4 Str-2 Int+6}

@: tree-form
A: stationary, stasis, torment immunity, boosted hp, (horns 2), (retaliatory
headbutt)
a: no special abilities


You were on level 4 of the Dungeon.
You were a tree.
You visited 1 branch of the dungeon, and saw 4 of its levels.

You collected 262 gold pieces.

Inventory:

Hand Weapons
 a - a +1 hunting sling (weapon)
 e - a +0 war axe
Missiles
 n - 4 poisoned darts
 s - 3 curare-tipped darts
Armour
 b - a +0 leather armour
 d - a +0 kite shield of resistance (worn)
 f - a +1 pair of gloves (melded)
 m - a +4 ring mail (melded)
 p - a +0 pair of boots (melded)
Magical Staves
 c - a staff of fire
Jewellery
 g - a ring of poison resistance (left branch)
 t - the ring "Jejistir" (right branch) {rElec rPois AC+4 Str-2 Int+6}
   (You found it on level 3 of the Dungeon)

   [ring of protection]

   AC:        It affects your AC (+4).
   Str:       It affects your strength (-2).
   Int:       It affects your intelligence (+6).
   rElec:     It insulates you from electricity.
   rPois:     It protects you from poison.
Wands
 u - a wand of iceblast (9)
Scrolls
 j - 2 scrolls of identify {unknown}
 q - a scroll of fear {unknown}
 r - a scroll of amnesia {unknown}
 v - a scroll of noise {unknown}
 w - 3 scrolls of teleportation
Potions
 o - 2 potions of berserk rage


   Skills:
 + Level 4.0 Fighting
 + Level 5.3 Slings
 + Level 1.9 Armour
 + Level 3.7 Dodging
 + Level 2.3 Stealth
 * Level 2.8 Shields
 + Level 1.4 Evocations


You had 5 spell levels left.
You didn't know any spells.
Your spell library was empty.

Dungeon Overview and Level Annotations

Branches:
Dungeon (4/15)
 Temple: D:4-7

Altars:

Annotations:
D:4 Menkaure


Innate Abilities, Weirdness & Mutations

You are a tree.
Your roots penetrate the ground, keeping you stationary.
You cannot be teleported.
You are immune to unholy pain and torment.
Your maximum health is greatly increased.
Your equipment is partially melded.
((You have a pair of horns on your head.))
((You reflexively headbutt those who attack you in melee.))


Message History

Press: ? - help, Q - select action, (/) - cycle Shift-Dir - straight line, f/p - Menkaure
Aim: Menkaure (almost destroyed, 74% to hit)
You shoot a sling bullet. The sling bullet hits Menkaure.
Menkaure is almost destroyed.
The orc priest hits you from afar with a +0 trident.
* * * LOW HITPOINT WARNING * * *
Menkaure points at you and mumbles some strange words.
Pain shoots through your body!
* * * LOW HITPOINT WARNING * * *
The orc priest hits you but does no damage.
It was a potion of curing.
You feel better. You block the orc priest's attack. Menkaure hits you!
* * * LOW HITPOINT WARNING * * *
You feel better. The orc priest closely misses you.
It was a potion of degeneration.
There was something very wrong with that liquid.
You feel weakened.
You feel dopey.
You feel clumsy. You block Menkaure's attack.
The orc priest hits you but does no damage.
It was a potion of lignification.
You turn into a tree.
Your +1 pair of gloves melds into your body.
Your +0 pair of boots melds into your body.
Your +4 ring mail melds into your body.
Your roots penetrate the ground.
Your hearing returns.
Menkaure hits you but does no damage.
The orc priest hits you from afar with a +0 trident.
* * * LOW HITPOINT WARNING * * *
Do you really want to go berserk while wielding your +1 hunting sling?
Okay, then.
Unknown command.
Fire: a) +1 hunting sling
Press: ? - help, Q - select action, (/) - cycle Shift-Dir - straight line, f/p - Menkaure
Aim: Menkaure (almost destroyed, 73% to hit)
You shoot a sling bullet.
The sling bullet barely misses Menkaure.
Menkaure hits you!
* * * LOW HITPOINT WARNING * * *
The orc priest calls down the wrath of Beogh upon you.
Beogh smites you!
You die...

#### #..#
#..# #..#
#..####
#<....#
#.#o#.#.#
#..)M♣#
#####.#
#.# #..
####


You could see Menkaure and an orc priest.

Vanquished Creatures
  Grinder (D:3)
  Ijyb (D:3)
  5 adders
  5 gnolls
  A worm (D:2)
  A dart slug (D:1)
  3 orcs (D:4)
  7 bats
  5 endoplasms
  A giant cockroach (D:2)
  2 goblins
  3 hobgoblins
  9 kobolds
  3 quokkas
  5 ball pythons
  9 frilled lizards
  9 rats
70 creatures vanquished.

Notes
Turn   | Place    | Note
-------+----------+-------------------------------------------
     0 | D:1      | arthad the Minotaur Hunter began the quest for the Orb.
     0 | D:1      | Reached XP level 1. HP: 18/18 MP: 0/0
   149 | D:1      | Found a faded altar of an unknown god.
   164 | D:1      | Reached skill level 1 in Stealth
   225 | D:1      | Reached XP level 2. HP: 17/25 MP: 1/1
   745 | D:1      | Identified a scroll of acquirement
   745 | D:1      | Acquired a +0 kite shield of resistance
   859 | D:1      | Reached XP level 3. HP: 31/31 MP: 2/2
  1889 | D:2      | Reached XP level 4. HP: 34/38 MP: 3/3
  2211 | D:2      | Reached skill level 5 in Slings
  2495 | D:3      | Reached skill level 1 in Shields
  2597 | D:3      | Reached skill level 1 in Armour
  2601 | D:3      | Reached XP level 5. HP: 41/45 MP: 4/4
  2633 | D:3      | Identified the ring "Jejistir" {rElec rPois AC+4 Str-2
                  | Int+6}
  2676 | D:3      | Noticed Ijyb
  2701 | D:3      | Killed Ijyb
  2895 | D:3      | Noticed Grinder
  2915 | D:3      | Paralysed by Grinder for 4 turns
  2929 | D:3      | Killed Grinder
  2930 | D:3      | Reached skill level 1 in Evocations
  2930 | D:3      | Reached XP level 6. HP: 4/52 MP: 5/5
  3660 | D:4      | Noticed Menkaure
  3675 | D:4      | HP: 2/52 [Menkaure (15)]
  3679 | D:4      | Killed from afar by an orc priest

Illustrated notes

Levels and vault maps discovered:
D:1:      arrival_zaba_pyramid, layout_basic, ebering_ecumenical_altar_rust,
          serial_corexii_hall, corexii_hall_statues_i, corexii_hall_statues_u,
          chequers_hall_statues_corner_a, st_stairs_10,
          hangedman_decor_diamond_cutter
D:2:      layout_loops_ring, serial_forest, infiniplex_forest_3_way,
          infiniplex_forest_clump_double, infiniplex_forest_end_1,
          infiniplex_forest_zigzag_2, infiniplex_forest_zigzag_2,
          infiniplex_forest_clump_C, infiniplex_forest_straight_5,
          infiniplex_forest_lined_3_way, kennysheep_flooded_box,
          minmay_randomly_rotated_circles
D:3:      layout_loops_ring, nrook_loot_triangle, uniq_ijyb, uniq_grinder
D:4:      layout_basic, chequers_ossuary_entry_cave, uniq_menkaure

Skill      XL: |  1  2  3  4  5  6 |
---------------+-------------------+-----
Stealth        | 1 2 |  2.3
Fighting       | 3 4 |  4.0
Dodging        | 3 |  3.7
Slings         | 5 |  5.3
Shields        | 1 2 |  2.8
Armour         | 1 |  1.9
Evocations     | 1 |  1.4

Action                   |  1- 3 |  4- 6 || total
-------------------------+-------+-------++-------
 Fire: Hunting sling     |   103 |   139 ||   242
Throw: Dart              |       |    10 ||    10
Evoke: Wand              |       |     4 ||     4
  Use: Scroll            |     3 |     1 ||     4
       Potion            |       |     5 ||     5
Armor: Leather armour    |    12 |       ||    12
       Ring mail         |     7 |    53 ||    60
       Skin              |       |     1 ||     1
Dodge: Dodged            |    21 |    36 ||    57
Block: Kite shield       |     6 |    38 ||    44

Table legend: (Time is in decaauts)
 A = Elapsed time spent in this place.
 B = Non-inter-level travel time spent in this place.
 C = Inter-level travel time spent in this place.
 D = Time resting spent in this place.
 E = Time spent auto-exploring this place.
 F = Levels seen in this place.
 G = Mean time per level.
                   A        B        C        D        E       F      G
               +--------+--------+--------+--------+--------+-----+--------+
         Total |   3792 |   3707 |     85 |    488 |   2639 |   4 |  948.0 |
       Dungeon |   3792 |   3707 |     85 |    488 |   2639 |   4 |  948.0 |
               +--------+--------+--------+--------+--------+-----+--------+

Top non-repeatable levels by time:
     D:1: 1442 daAuts
     D:3: 1217 daAuts
     D:2: 1093 daAuts
     D:4: 39 daAuts
